 Dungeon Crawl Stone Soup version 0.14-a0-2899-g175aae5 (webtiles) character file.

4126 nyfair the Gusty (level 10, -5/63 HPs)
             Began as a Formicid Air Elementalist on Mar 1, 2014.
             Was a Believer of Cheibriados.
             Slain by a wight
             ... wielding a cursed +2,+3 mace
              (9 damage)
             ... on Level 13 of the Dungeon.
             The game lasted 01:24:48 (6422 turns).

nyfair the Gusty (Formicid Air Elementalist)        Turns: 6422, Time: 01:24:48

HP  -5/63        AC 12     Str 20      XL: 10   Next: 35%
MP   3/23        EV 12     Int 23      God: Cheibriados [**....]
Gold 442         SH 12     Dex 17      Spells:  5 memorised,  9 levels left

rFire  . . .     SeeInvis +     B - +2,+1 sling
rCold  . . .     Clarity  .     D - +0 steam dragon armour (curse)
rNeg   . . .     Conserve .     k - +1 buckler
rPois  .         rCorr    .     (helmet unavailable)
rElec  .         rRot     .     v - +2 cloak
SustAb . .       Spirit   .     r - +2 pair of elf gloves
rMut   .         Warding  .     (no boots)
Saprov . . .     Stasis   +     (no amulet)
MR     +....                    b - +3,+5 ring of slaying
                                y - ring of regeneration

@: repel missiles, drained, very slow, somewhat resistant to hostile
enchantments, fairly stealthy
A: permanent stasis, dig shafts and tunnels, four strong arms, poison weakness,
antennae 3, exoskeleton 1
a: Dig, Shaft Self, Bend Time, Renounce Religion


You were on level 13 of the Dungeon.
You worshipped Cheibriados.
Cheibriados was pleased with you.
You were hungry.

You visited 2 branches of the dungeon, and saw 11 of its levels.

You collected 442 gold pieces.

Inventory:

Hand weapons
 B - a +2,+1 sling (weapon)
Missiles
 f - 60 sling bullets (quivered)
 g - 45 bolts
 q - 3 darts of dispersal
 u - 13 bolts of penetration
 w - 4 steel tomahawks
 z - 13 sling bullets of frost
Armour
 k - a +1 buckler (worn)
 r - a +2 pair of elven gloves (worn)
 v - a +2 cloak (worn)
 D - a cursed +0 steam dragon armour (worn)
Magical devices
 a - a wand of draining (0)
 j - a wand of teleportation (2)
 l - a wand of polymorph (21)
 p - a wand of invisibility (5)
Comestibles
 c - 7 bread rations
 i - 6 meat rations
 E - 4 chunks of centaur flesh
Scrolls
 d - 4 scrolls of identify
 o - a scroll of fear
 t - a scroll of enchant armour
 A - a scroll of remove curse
Jewellery
 b - a +3,+5 ring of slaying (right hand)
 x - an uncursed ring of flight
 y - a ring of regeneration (left hand)
Potions
 e - 2 potions of heal wounds
 h - a potion of magic
 m - 3 potions of curing
Books
 s - a book of Unlife

   Spells                             Type                      Level
   Recall                             Summoning/Translocation      3
   Animate Dead                       Necromancy                   4
   Control Undead                     Necromancy                   4
   Twisted Resurrection               Necromancy                   5
   Death Channel                      Necromancy                   6
   Simulacrum                         Ice/Necromancy               6
Magical staves
 n - an uncursed staff of death


   Skills:
 - Level 1.7(1.4) Dodging
 - Level 2.4(2.1) Stealth
 - Level 5.0(4.6) Shields
 + Level 5.8(5.4) Spellcasting
 - Level 5.0(4.6) Conjurations
 + Level 2.2(1.9) Charms
 + Level 2.0(1.7) Necromancy
 + Level 2.0(1.7) Translocations
 * Level 7.1(6.7) Air Magic
 + Level 4.5(4.1) Invocations
 + Level 4.5(4.1) Evocations


You had 9 spell levels left.
You knew the following spells:

 Your Spells              Type           Power        Failure   Level  Hunger
a - Shock                 Conj/Air       ####         1%          1    None
b - Static Discharge      Conj/Air       ####....     2%          3    ##.....
c - Repel Missiles        Chrm/Air       ####..       2%          2    None
d - Regeneration          Chrm/Necr      ##........   14%         3    ##.....
e - Shroud of Golubria    Chrm/Tloc      ##........   10%         2    None


Dungeon Overview and Level Annotations

Branches:
Dungeon (13/16)            Temple (1/1) D:6
    Orc: D:9-12        Lair: D:8-11

Altars:
Ashenzari
Cheibriados
Dithmenos
Elyvilon
Fedhas
Kikubaaqudgha
Makhleb
Nemelex Xobeh
Okawaru
Trog
Vehumet
Xom
Yredelemnul
Zin
The Shining One


Innate Abilities, Weirdness & Mutations

Your are under a permanent stasis effect.
You can dig through walls and to a lower floor.
Your four strong arms can wield any weapon, most with a shield.
You have a pair of large antennae on your head (SInv).
Your body is surrounded by an exoskeleton. (AC +1)


Message History

The wight misses you.
A crimson imp comes into view.
Unknown command.
Casting: Static Discharge
Confirm with . or Enter, or press ? or * to list all spells.
The troll is struck by lightning.
The troll is lightly wounded.
The lightning arcs!
The wight is struck by lightning.
The wight is almost destroyed.
The lightning arcs!
You are struck by lightning.
* * * LOW HITPOINT WARNING * * *
The lightning grounds out.
The giant frog hits you.
* * * LOW HITPOINT WARNING * * *
The troll barely misses you. The troll misses you.
The troll completely misses you.
The crimson imp moves out of view.
You block the wight's attack. The wight hits you with a short sword.
* * * LOW HITPOINT WARNING * * *
The wight hits you but does no damage. The giant frog barely misses you.
The wight hits you with a runed mace!
You die...

{ . { #. ####### #
#..#.....#o##o.
..........o......
###..#.zTFo#$##..
.......z@.........
.......zzz.#.#...
##$........... .
..........#.#?..
###.#######.# # #.
. # .


You could see a troll, a giant frog, 5 wights and 3 orcs.

Vanquished Creatures
  A feature mimic (D:8)
  A hippogriff (D:8)
  A steam dragon (D:5)
  An ice beast (D:7)
  2 sky beasts (D:7)
  8 ogres
  2 orc warriors
  3 centaurs
  2 wargs (D:8)
  4 giant frogs
  Blork the orc (D:7)
  A giant frog (shapeshifter) (D:6)
  A gnoll sergeant (D:8)
  4 wights (D:4)
  3 crimson imps
  A jelly (D:8)
  A goliath beetle (D:8)
  3 hounds
  3 orc priests
  Crazy Yiuf (D:3)
  6 scorpions
  2 orc wizards
  3 worker ants
  A sky beast zombie (D:6)
  5 adders
  13 gnolls
  An inept feature mimic (D:3)
  3 worms
  A giant eyeball (D:8)
  3 giant geckos
  An ooze (D:3)
  17 orcs
  A ball python (D:1)
  4 giant cockroaches
  12 hobgoblins
  9 jackals
  17 kobolds
  A ball python skeleton (D:4)
  11 bats
  5 giant newts
  15 goblins
  A goblin zombie (D:3)
  A quokka (D:4)
  6 rats
  A butterfly (D:6)
  A fungus (D:3)
185 creatures vanquished.

Notes
Turn   | Place    | Note
--------------------------------------------------------------
     0 | D:1      | nyfair, the Formicid Air Elementalist, began the quest for the Orb.
     0 | D:1      | Reached XP level 1. HP: 13/13 MP: 3/3
    67 | D:1      | Reached skill level 1 in Conjurations
   210 | D:1      | Reached XP level 2. HP: 10/19 MP: 0/4
   470 | D:1      | Reached skill level 3 in Air Magic
   470 | D:1      | Reached XP level 3. HP: 13/24 MP: 0/6
   700 | D:2      | Learned a level 3 spell: Static Discharge
   703 | D:2      | Learned a level 2 spell: Repel Missiles
   722 | D:2      | Found a white marble altar of Elyvilon.
   912 | D:2      | Found a glowing golden altar of the Shining One.
  1100 | D:2      | Reached XP level 4. HP: 28/30 MP: 1/8
  1901 | D:3      | Reached skill level 1 in Shields
  2009 | D:3      | Noticed Crazy Yiuf
  2018 | D:3      | Killed Crazy Yiuf
  2018 | D:3      | Reached XP level 5. HP: 35/35 MP: 9/11
  2327 | D:4      | Noticed an ogre
  2433 | D:4      | Reached skill level 4 in Air Magic
  2433 | D:4      | Reached XP level 6. HP: 18/41 MP: 9/13
  2827 | D:4      | Noticed an ogre
  2852 | D:4      | Killed an ogre
  2852 | D:4      | Reached XP level 7. HP: 30/46 MP: 10/15
  3154 | D:4      | Killed an ogre
  3322 | D:5      | Entered Level 5 of the Dungeon
  3499 | D:5      | Reached skill level 5 in Air Magic
  3572 | D:5      | Noticed a steam dragon
  3572 | D:5      | a hound changed into a steam dragon
  3581 | D:5      | Killed a steam dragon
  3581 | D:5      | Reached XP level 8. HP: 28/52 MP: 14/18
  3870 | D:6      | Found a staircase to the Ecumenical Temple.
  3878 | Temple   | Entered the Ecumenical Temple
  4030 | Temple   | Became a worshipper of Cheibriados the Contemplative
  4328 | D:6      | Reached skill level 1 in Invocations
  4415 | D:6      | Reached skill level 1 in Evocations
  4758 | D:6      | Reached skill level 6 in Air Magic
  4758 | D:6      | Reached XP level 9. HP: 57/57 MP: 16/20
  4905 | D:7      | Found a shattered altar of Ashenzari.
  5090 | D:7      | Noticed Blork the orc
  5097 | D:7      | Reached skill level 5 in Spellcasting
  5103 | D:7      | Killed Blork the orc
  5416 | D:7      | Learned a level 3 spell: Regeneration
  5419 | D:7      | Learned a level 2 spell: Shroud of Golubria
  5861 | D:8      | Reached skill level 1 in Necromancy
  5932 | D:8      | Killed a door mimic
  5932 | D:8      | Reached skill level 5 in Shields
  5932 | D:8      | Reached skill level 1 in Charms
  5932 | D:8      | Reached skill level 1 in Translocations
  5932 | D:8      | Reached XP level 10. HP: 22/63 MP: 8/22
  6034 | D:8      | Reached skill level 5 in Conjurations
  6195 | D:8      | Reached skill level 7 in Air Magic
  6376 | D:8      | Acquired Cheibriados' first power
  6390 | D:8      | Noticed an orc knight
  6414 | D:8      | You fall through a shaft for 3 floors!
  6417 | D:11     | You fall through a shaft for 2 floors!
  6422 | D:13     | Slain by a wight

Action                   |  1- 3 |  4- 6 |  7- 9 | 10-12 || total
-------------------------+-------+-------+-------+-------++-------
Melee: Dagger            |    28 |    32 |       |       ||    60
       Hand axe          |    38 |     6 |       |       ||    44
       Quarterstaff      |       |    24 |    66 |       ||    90
       Staff             |       |       |     8 |       ||     8
 Fire: Sling             |       |       |   119 |    48 ||   167
Throw: Tomahawk          |       |    14 |    23 |       ||    37
 Cast: Shock             |    49 |    71 |    77 |    12 ||   209
       Repel Missiles    |     1 |     1 |     1 |       ||     3
       Static Discharge  |       |     2 |    41 |    16 ||    59
       Shroud of Golubri |       |       |       |     5 ||     5
Invok: Bend Time         |       |       |     1 |       ||     1
       Temporal Distorti |       |       |       |     1 ||     1
 Abil: Dig               |       |     8 |     2 |       ||    10
       Shaft Self        |       |       |       |     2 ||     2
Evoke: Wand              |       |     3 |    15 |       ||    18
  Use: Scroll            |       |     6 |    14 |     1 ||    21
       Potion            |       |     4 |     5 |       ||     9
 Stab: Sleeping          |     3 |       |       |       ||     3
